 Dungeon Crawl Stone Soup version 0.31.0-12-g77e489cdc1 (webtiles) character file.

Game seed: 12005813462455050614

175 Gadfly the Sneak (level 5, -10/25 HPs)
             Began as a Spriggan Enchanter on Feb 18, 2024.
             Killed by divine providence
             ... invoked by an orc priest
              (15 damage)
             ... on level 4 of the Dungeon.
             The game lasted 00:05:57 (2978 turns).

Gadfly the Sneak (Spriggan Enchanter)               Turns: 2978, Time: 00:05:58

Health: -10/25     AC:  2    Str:  4    XL:     5   Next: 29%
Magic:  2/11       EV: 18    Int: 17    God:
Gold:   46         SH:  0    Dex: 17    Spells: 6/11 levels left

rFire   . . .        a - +1 dagger
rCold   . . .        (no shield)
rNeg    . . .        b - +0 robe
rPois   .            (helmet restricted)
rElec   .            (no cloak)
rCorr   .            (gloves unavailable)
SInv    +            (boots unavailable)
Will    .....        (no amulet)
Stlth   +++          (no ring)
HPRegen 0.24/turn    (no ring)
MPRegen 0.12/turn

%: no passive effects
@: very slightly contaminated, very quick
A: very small, no large weapons, unfitting armour, see invisible, speed 3
a: no special abilities


You were on level 4 of the Dungeon.
You visited 1 branch of the dungeon, and saw 4 of its levels.

You collected 151 gold pieces.
You spent 105 gold pieces at shops.

Inventory:

Hand Weapons
 a - a +1 dagger (weapon)
Armour
 b - a +0 robe (worn)
Wands
 j - a wand of digging (1)
Scrolls
 e - 3 scrolls of teleportation
 k - a scroll of revelation
Potions
 c - 3 potions of invisibility
 f - a potion of brilliance
 g - a potion of attraction {unknown}
 h - a potion of resistance {unknown}
 i - a potion of berserk rage {unknown}


   Skills:
 + Level 1.3 Fighting
 + Level 2.4 Short Blades
 + Level 3.6 Dodging
 + Level 5.3 Stealth
 + Level 3.5 Spellcasting
 + Level 4.3 Hexes
 + Level 2.0 Evocations


You had 6 spell levels left.
You knew the following spells:

 Your Spells              Type           Power      Damage    Failure   Level
a - Ensorcelled Hibernat  Hex/Ice        20%        N/A       11%         2
b - Confusing Touch       Hex            17%        N/A       9%          3

Your spell library contained the following spells:

 Spells                   Type           Power      Damage    Failure   Level
 Tukima's Dance           Hex            17%        N/A       9%          3
 Kiss of Death            Conj/Necr      8%         2d6       17%         1
 Dazzling Flash           Conj/Hex       20%        N/A       21%         3
 Dispel Undead            Necr           2%         3d7       86%         4


Dungeon Overview and Level Annotations

Branches:
Dungeon (4/15)
 Temple: D:4-7

Altars:
Gozag

Shops:
D:1 ?=[[   D:4 *


Innate Abilities, Weirdness & Mutations

You are very small and have problems with some larger weapons.
You are too small for most types of armour.
You have supernaturally acute eyesight. (SInv)
You cover ground extremely quickly. (Speed+++)


Message History

The jackal bites you but does no damage.
Unknown command.
Casting: Ensorcelled Hibernation (safe; 11% risk of failure)
Confirm with . or Enter, or press ? or * to list all spells.
Aiming: Ensorcelled Hibernation (safe; 11% risk of failure)
Press: ? - help, Shift-Dir - straight line, f/p - orc priest
Aim: an orc priest, wielding a +0 trident (chance to affect: 44%)
The orc priest resists with some effort.
The jackal barely misses you.
The jackal bites you but does no damage.
The orc priest barely misses you. The orc priest misses you.
You hit the jackal.
The jackal is almost dead.
The jackal misses you.
You closely miss the jackal.
The jackal is almost dead.
The jackal closely misses you. The jackal barely misses you.
The orc priest hits you from afar with a +0 trident.
The jackal closely misses you.
You completely miss the jackal.
The jackal is almost dead.
The jackal misses you. The jackal closely misses you. x2
The orc priest misses you.
You hit the jackal.
You kill the jackal!
The jackal completely misses you. x2; The orc priest barely misses you.
The jackal closely misses you. x2
You barely miss the jackal.
The jackal is almost dead.
The jackal bites you. The jackal completely misses you.
The orc priest hits you but does no damage.
You miss the jackal.
The jackal is almost dead.
The jackal misses you. The jackal bites you.
* * * LOW HITPOINT WARNING * * *
The orc priest invokes the aid of Beogh against you.
Beogh smites you!
Ouch! That really hurt!
You die...

#......##
#.......#
#..#....##
#..##....##
##o####....## #o.#
##....##### #hh#
##.o.#...#
..h.).## #..h.._.#
......# ###)h@...#
#....##
##........# #....
##.........# ...##
#..........## ..#
#...........## .#
#............##
##............##
#..<..........##≈
##............<.≈∩


You could see an orc priest and 2 jackals.

Vanquished Creatures
  A bombardier beetle (D:4)
  An orc wizard (D:4)
  3 adders (D:2)
  2 ribbon worms (D:3)
  4 dart slugs
  An orc (D:4)
  9 ball pythons
  8 endoplasms
  3 giant cockroaches
  5 goblins
  8 hobgoblins
  5 jackals
  2 quokkas
  4 bats
  5 frilled lizards
  6 kobolds
  8 rats
75 creatures vanquished.

Notes
Turn   | Place    | Note
-------+----------+-------------------------------------------
     0 | D:1      | Gadfly the Spriggan Enchanter began the quest for the Orb.
     0 | D:1      | Reached XP level 1. HP: 9/9 MP: 5/5
   106 | D:1      | Reached XP level 2. HP: 9/13 MP: 6/6
   144 | D:1      | Found Tatwuriv's Magic Scroll Emporium.
   170 | D:1      | Learned a level 2 spell: Ensorcelled Hibernation
   379 | D:1      | Reached XP level 3. HP: 17/17 MP: 4/8
   383 | D:1      | Learned a level 3 spell: Confusing Touch
   503 | D:1      | Found Vaicatuq's Armour Boutique.
   536 | D:1      | Reached skill level 1 in Evocations
   651 | D:1      | Found Efror's Jewellery Boutique.
   723 | D:1      | Found Wumi's Armour Shop.
   846 | D:1      | Bought a scroll of teleportation for 30 gold pieces
   941 | D:2      | Found a faded altar of an unknown god.
  1247 | D:2      | Reached skill level 5 in Stealth
  1282 | D:2      | Reached XP level 4. HP: 21/21 MP: 1/9
  1368 | D:2      | Reached skill level 1 in Fighting
  2731 | D:1      | Bought a scroll of revelation for 75 gold pieces
  2779 | D:4      | Found an opulent altar of Gozag.
  2790 | D:4      | Reached XP level 5. HP: 25/25 MP: 1/11
  2791 | D:4      | Found Inixikes's Assorted Antiques.
  2978 | D:4      | Killed from afar by an orc priest

Illustrated notes

Levels and vault maps discovered:
D:1:      minmay_arrival_nine_rooms, layout_rooms, serial_shops, shop,
          nicolae_shop_peninsula, nicolae_shop_back_alley_shop,
          nicolae_shop_temple_entry_statues_fountains
D:2:      layout_loops_cross, nicolae_ecumenical_oubliette
D:3:      layout_basic
D:4:      layout_cave_pods, nicolae_gozag_seed_capital, lightli_temple_of_fire,
          minmay_temple_entry_overgrown, serial_shops, nicolae_shop_peninsula

Skill      XL: |  1  2  3  4  5 |
---------------+----------------+-----
Spellcasting   | 3 |  3.5
Dodging        | 3 |  3.6
Evocations     | 1 2 |  2.0
Hexes          | 4 |  4.3
Stealth        | 5 |  5.3
Short Blades   | 2 |  2.4
Fighting       | 1 |  1.3

Action                     |  1- 3 |  4- 6 || total
---------------------------+-------+-------++-------
  Melee: Dagger            |   120 |    49 ||   169
   Cast: Ensorcelled Hiber |    18 |    26 ||    44
    Use: Scroll            |     1 |     1 ||     2
         Potion            |     1 |     1 ||     2
   Stab: Sleeping          |    31 |    21 ||    52
         Distracted        |     1 |       ||     1
 Armour: Robe              |    29 |    23 ||    52
  Dodge: Dodged            |    72 |    58 ||   130
